 Dungeon Crawl Stone Soup version 0.29-a0-284-gf9362112df (webtiles) character file.

Game seed: 13114081843525342049

125 epen the Archer (level 5, 0/43 HPs)
             Began as a Gnoll Hunter on Mar 15, 2022.
             Slain by an iguana (7 damage)
             ... on level 4 of the Dungeon.
             The game lasted 00:02:40 (2259 turns).

epen the Archer (Gnoll Hunter)                      Turns: 2259, Time: 00:02:41

Health: 0/43       AC:  5    Str: 10    XL:     5   Next: 9%
Magic:  5/7        EV: 14    Int:  8    God:
Gold:   171        SH:  0    Dex: 18    Spells: 6/6 levels left

rFire   . . .      SeeInvis .   a - +2 shortbow
rCold   . . .      Faith    .   (shield currently unavailable)
rNeg    . . .      Spirit   .   b - +0 leather armour
rPois   +          Reflect  .   (no helmet)
rElec   .          Harm     .   (no cloak)
rCorr   .          Rampage  .   p - +0 pair of gloves
Will    .....                   g - +0 pair of boots
Stlth   ++........              (no amulet)
HPRegen 0.14/turn               h - ring of poison resistance
MPRegen 0.10/turn               (no ring)

@: invisible
A: fangs 1, strong nose, distributed training
a: no special abilities


You were on level 4 of the Dungeon.
You visited 1 branch of the dungeon, and saw 4 of its levels.

You collected 171 gold pieces.

Inventory:

Hand Weapons
 a - a +2 shortbow (weapon)
Armour
 b - a +0 leather armour (worn)
 g - a +0 pair of boots (worn)
 p - a +0 pair of gloves (worn)
Jewellery
 h - a ring of poison resistance (left hand)
 n - a ring of magical power
Scrolls
 c - a scroll of immolation
 d - a scroll of enchant weapon
 e - a scroll of teleportation
 f - 2 scrolls of identify
 k - a scroll of torment
 r - a scroll of blinking {unknown}
 s - a scroll of summoning {unknown}
 t - 3 scrolls of fear {unknown}
 v - a scroll of enchant armour {unknown}
Potions
 i - 2 potions of attraction
 l - a potion of curing {unknown}
 m - a potion of lignification {unknown}
 o - a potion of degeneration {unknown}
 q - a potion of magic {unknown}
 u - a potion of cancellation


   Skills:
 + Level 4.7 Fighting
 + Level 1.3 Short Blades
 + Level 1.3 Long Blades
 + Level 1.3 Axes
 + Level 1.3 Maces & Flails
 + Level 1.3 Polearms
 + Level 1.3 Staves
 + Level 1.3 Slings
 + Level 8.6 Bows
 + Level 1.3 Crossbows
 + Level 1.3 Throwing
 + Level 1.3 Armour
 + Level 4.7 Dodging
 + Level 2.7 Stealth
 + Level 1.3 Shields
 + Level 1.3 Unarmed Combat
 + Level 1.3 Spellcasting
 + Level 1.1 Conjurations
 + Level 1.1 Hexes
 + Level 1.1 Summonings
 + Level 1.1 Necromancy
 + Level 1.1 Translocations
 + Level 1.1 Transmutations
 + Level 1.1 Fire Magic
 + Level 1.1 Ice Magic
 + Level 1.1 Air Magic
 + Level 1.1 Earth Magic
 + Level 1.1 Poison Magic
 + Level 1.5 Invocations
 + Level 1.3 Evocations


You had 6 spell levels left.
You didn't know any spells.
Your spell library contained the following spells:

 Spells                   Type           Power      Damage    Failure   Level
 Blink                    Tloc           4%         N/A       43%         2
 Confusing Touch          Hex            2%         N/A       67%         3
 Lesser Beckoning         Tloc           2%         N/A       67%         3
 Manifold Assault         Tloc           2%         N/A       100%        5
 Yara's Violent Unravell  Hex/Tmut       1%         3d3       100%        5
 Enfeeble                 Hex            1%         N/A       100%        7


Dungeon Overview and Level Annotations

Branches:
Dungeon (4/15)
 Temple: D:4-7

Altars:
Ashenzari
The Shining One


Innate Abilities, Weirdness & Mutations

You have very sharp teeth.
Your uncanny sense of smell can sniff out nearby items.
Your experience applies equally to all skills.


Message History

Aim: an iguana (lightly wounded, 72% to hit)
You shoot an arrow. The arrow closely misses the iguana.
The iguana bites you but does no damage.
Shoot: a) +2 shortbow
Press: ? - help, Shift-Dir - straight line, f/p - iguana
Aim: an iguana (lightly wounded, 72% to hit)
You shoot an arrow. The arrow hits the iguana!
The iguana is heavily wounded.
The iguana bites you.
Shoot: a) +2 shortbow
Press: ? - help, Shift-Dir - straight line, f/p - iguana
Aim: an iguana (heavily wounded, 72% to hit)
You shoot an arrow.
The arrow hits the iguana but does no damage.
The iguana is heavily wounded.
The iguana bites you!
* * * LOW HITPOINT WARNING * * *
Shoot: a) +2 shortbow
Press: ? - help, Shift-Dir - straight line, f/p - iguana
Aim: an iguana (heavily wounded, 72% to hit)
You shoot an arrow. The arrow closely misses the iguana.
A bullfrog comes into view.
The iguana misses you.
Shoot: a) +2 shortbow
Press: ? - help, Shift-Dir - straight line, f/p - iguana
Aim: an iguana (heavily wounded, 72% to hit)
You shoot an arrow. The arrow barely misses the iguana.
The bullfrog croaks.
The iguana hisses menacingly.
The iguana bites you.
* * * LOW HITPOINT WARNING * * *
It was a potion of invisibility.
You fade into invisibility!
The iguana misses you.
A hobgoblin comes into view.
Shoot: a) +2 shortbow
Press: ? - help, Shift-Dir - straight line, f/p - iguana
Aim: an iguana (heavily wounded, can't see you, 72% to hit)
You shoot an arrow. The arrow barely misses the iguana.
The iguana bites you!
You die...

)#..##...###
)'..##...#########
.#..+............#
.#..#............# +
.#..##...##......# .#
.#..##...##......# ..#
##..##...+.......# ...#
#........##..##.†#....#
#........##..##.@l....#
#.............#..#F...#
#...##...##..##### ...#
######...##..# .g#
#.......# .# #.......#
# #.......# #...#####
##### ∆


You could see a bullfrog (can't see you), an iguana (can't see you) and a
hobgoblin (wandering, can't see you).

Vanquished Creatures
  An iguana (D:4)
  2 adders (D:3)
  A worm (D:3)
  3 orcs (D:4)
  11 ball pythons
  2 endoplasms
  3 giant cockroaches
  4 goblins
  13 hobgoblins
  9 jackals
  3 quokkas
  4 bats
  5 frilled lizards
  5 kobolds
  4 rats
70 creatures vanquished.

Notes
Turn   | Place    | Note
-------+----------+-------------------------------------------
     0 | D:1      | epen the Gnoll Hunter began the quest for the Orb.
     0 | D:1      | Reached XP level 1. HP: 20/20 MP: 1/1
    90 | D:1      | Reached XP level 2. HP: 26/26 MP: 2/2
   281 | D:1      | Reached XP level 3. HP: 31/31 MP: 3/3
   463 | D:1      | Found a faded altar of an unknown god.
   884 | D:2      | Reached skill level 1 in Invocations
  1005 | D:2      | Reached skill level 1 in Short Blades
  1005 | D:2      | Reached skill level 1 in Long Blades
  1005 | D:2      | Reached skill level 1 in Axes
  1005 | D:2      | Reached skill level 1 in Maces & Flails
  1005 | D:2      | Reached skill level 1 in Polearms
  1005 | D:2      | Reached skill level 1 in Staves
  1005 | D:2      | Reached skill level 1 in Slings
  1005 | D:2      | Reached skill level 1 in Crossbows
  1005 | D:2      | Reached skill level 1 in Throwing
  1005 | D:2      | Reached skill level 1 in Armour
  1005 | D:2      | Reached skill level 1 in Shields
  1005 | D:2      | Reached skill level 1 in Unarmed Combat
  1005 | D:2      | Reached skill level 1 in Spellcasting
  1005 | D:2      | Reached skill level 1 in Evocations
  1110 | D:2      | Reached XP level 4. HP: 38/38 MP: 5/5
  1385 | D:3      | Found a glowing golden altar of the Shining One.
  1826 | D:3      | Reached skill level 1 in Conjurations
  1826 | D:3      | Reached skill level 1 in Hexes
  1826 | D:3      | Reached skill level 1 in Summonings
  1826 | D:3      | Reached skill level 1 in Necromancy
  1826 | D:3      | Reached skill level 1 in Translocations
  1826 | D:3      | Reached skill level 1 in Transmutations
  1826 | D:3      | Reached skill level 1 in Fire Magic
  1826 | D:3      | Reached skill level 1 in Ice Magic
  1826 | D:3      | Reached skill level 1 in Air Magic
  1826 | D:3      | Reached skill level 1 in Earth Magic
  1826 | D:3      | Reached skill level 1 in Poison Magic
  1969 | D:4      | Noticed a black bear
  2175 | D:4      | Found a broken altar of Ashenzari.
  2252 | D:4      | Reached XP level 5. HP: 28/43 MP: 5/7
  2259 | D:4      | Slain by an iguana

Illustrated notes

Levels and vault maps discovered:
D:1:      saegor_arrival_simple_b, layout_basic, chequers_ecumenical_altar_lobes
D:2:      layout_rooms, minmay_quantized
D:3:      layout_basic, lemuel_crystal_altar
D:4:      layout_gridville, mainiacjoe_overflow_tiny_flanked,
          overflow_temple_1_default, kennysheep_small_spiral

Skill      XL: |  1  2  3  4 |
---------------+-------------+-----
Invocations    | 1 |  1.5
Short Blades   | 1 |  1.3
Long Blades    | 1 |  1.3
Axes           | 1 |  1.3
Maces & Flails | 1 |  1.3
Polearms       | 1 |  1.3
Staves         | 1 |  1.3
Slings         | 1 |  1.3
Crossbows      | 1 |  1.3
Throwing       | 1 |  1.3
Armour         | 1 |  1.3
Shields        | 1 |  1.3
Unarmed Combat | 1 |  1.3
Spellcasting   | 1 |  1.3
Evocations     | 1 |  1.3
Conjurations   | 1 |  1.1
Hexes          | 1 |  1.1
Summonings     | 1 |  1.1
Necromancy     | 1 |  1.1
Translocations | 1 |  1.1
Transmutations | 1 |  1.1
Fire Magic     | 1 |  1.1
Ice Magic      | 1 |  1.1
Air Magic      | 1 |  1.1
Earth Magic    | 1 |  1.1
Poison Magic   | 1 |  1.1
Fighting       | |  4.7
Bows           | |  8.6
Dodging        | |  4.7
Stealth        | |  2.7

Action                   |  1- 3 |  4- 6 || total
-------------------------+-------+-------++-------
 Fire: Shortbow          |    91 |    57 ||   148
  Use: Scroll            |       |     6 ||     6
       Potion            |       |     1 ||     1
Armor: Leather armour    |     1 |     2 ||     3
Dodge: Dodged            |     7 |    16 ||    23

Table legend: (Time is in decaauts)
 A = Elapsed time spent in this place.
 B = Non-inter-level travel time spent in this place.
 C = Inter-level travel time spent in this place.
 D = Time resting spent in this place.
 E = Time spent auto-exploring this place.
 F = Levels seen in this place.
 G = Mean time per level.
                   A        B        C        D        E       F      G
               +--------+--------+--------+--------+--------+-----+--------+
         Total |   2275 |   2105 |    170 |     61 |   1683 |   4 |  568.8 |
       Dungeon |   2275 |   2105 |    170 |     61 |   1683 |   4 |  568.8 |
               +--------+--------+--------+--------+--------+-----+--------+

Top non-repeatable levels by time:
     D:1: 883 daAuts
     D:3: 654 daAuts
     D:2: 466 daAuts
     D:4: 271 daAuts
